 Dungeon Crawl Stone Soup version 0.31-a0-986-g5e6e4ef867 (webtiles) character file.

Game seed: 15685084559275417995

4160 DocClef the Mimic (level 10, -1/68 HPs)
             Began as a Demonspawn Shapeshifter on Nov 5, 2023.
             Was a Believer of Jiyva.
             Slain by a two-headed ogre
             ... wielding a +0 giant club
              (10 damage)
             ... on level 9 of the Dungeon.
             The game lasted 00:11:50 (8001 turns).

DocClef the Mimic (Demonspawn Shapeshifter)         Turns: 8001, Time: 00:11:50

Health: -1/68      AC: 10    Str: 16    XL:     10   Next: 7%
Magic:  10/10      EV: 17    Int: 11    God:    Jiyva [**....]
Gold:   343        SH:  4    Dex: 16    Spells: 9/9 levels left

rFire   . . .        z - +0 broad axe
rCold   . . .        (no shield)
rNeg    . . .        O - +0 troll leather armour
rPois   .            (helmet currently unavailable)
rElec   .            (cloak currently unavailable)
rCorr   +            (gloves currently unavailable)
SInv    .            (boots currently unavailable)
Will    .....        (no amulet)
Stlth   +            q - ring of willpower
HPRegen 3.07/turn    J - +5 ring of evasion
MPRegen 0.42/turn

%: no passive effects
@: beast-form, weak-willed
A: beast (slay +4), slimy green scales 2, icemail 1, powered by death 3,
condensation shield, demonic touch 1
a: Begin Untransformation, Renounce Religion


You were on level 9 of the Dungeon.
You worshipped Jiyva.
Jiyva was pleased with you.
You were a hulking beast.
You visited 2 branches of the dungeon, and saw 10 of its levels.

You collected 344 gold pieces.
You spent 1 gold pieces at shops.

Inventory:

Hand Weapons
 h - a +0 short sword
 n - a +1 dagger of flaming
 z - a +0 broad axe (weapon)
 K - a -3 vampiric quick blade
Missiles
 H - 2 throwing nets
Armour
 a - a +0 animal skin
 r - a +0 scale mail
 y - a +0 helmet
 D - the +4 pair of gloves "Gymiodia" {+Blink +Inv Fly rC-}
   (You found it on level 5 of the Dungeon)

   rC-:       It makes you vulnerable to cold.
   +Inv:      It lets you turn invisible.
   Fly:       It grants you flight.
   +Blink:    It lets you blink.
 N - +0 steam dragon scales
 O - a +0 troll leather armour (worn)
Jewellery
 q - a ring of willpower (left hand)
 J - a +5 ring of evasion (right hand)
 P - an amulet of guardian spirit
Talismans
 c - a beast talisman (active)
 d - a flux talisman
 u - a serpent talisman
Scrolls
 e - a scroll of noise
 f - 7 scrolls of identify
 k - 3 scrolls of vulnerability
 m - 4 scrolls of teleportation
 o - 2 scrolls of brand weapon
 p - 6 scrolls of poison {unknown}
 s - 3 scrolls of enchant weapon {unknown}
 A - 2 scrolls of torment {unknown}
 B - 2 scrolls of revelation {unknown}
 G - a scroll of fear {unknown}
 I - 2 scrolls of amnesia {unknown}
 L - 3 scrolls of acquirement {unknown}
 M - a scroll of blinking {unknown}
Potions
 b - 4 potions of lignification
 g - 5 potions of brilliance
 i - a potion of enlightenment
 j - 3 potions of heal wounds {unknown}
 l - 2 potions of berserk rage {unknown}
 t - 2 potions of invisibility {unknown}
 v - 5 potions of curing {unknown}
 w - 2 potions of attraction {unknown}
 x - 2 potions of degeneration {unknown}
 C - a potion of haste {unknown}
 E - 2 potions of might {unknown}
 F - a potion of ambrosia {unknown}


   Skills:
 + Level 2.4 Fighting
 - Level 1.7 Dodging
 - Level 2.6 Unarmed Combat
 - Level 12.4 Shapeshifting


You had 9 spell levels left.
You didn't know any spells.
Your spell library contained the following spells:

 Spells                   Type           Power      Damage    Failure   Level
 Necrotise                Necr           0%         1d4       41%         1
 Ensorcelled Hibernation  Hex/Ice        0%         N/A       54%         2
 Jinxbite                 Hex            0%         N/A       54%         2
 Static Discharge         Conj/Air       0%         3-3/arc   54%         2
 Hailstorm                Conj/Ice       0%         3d3       78%         3
 Vampiric Draining        Necr           0%         2d6       78%         3
 Airstrike                Air            0%         2d(0-16)  99%         4
 Anguish                  Hex/Necr       0%         N/A       99%         4
 Cause Fear               Hex            0%         N/A       99%         4
 Summon Ice Beast         Ice/Summ       0%         N/A       99%         4
 Summon Lightning Spire   Summ/Air       0%         N/A       99%         4
 Agony                    Necr           0%         N/A       100%        5
 Fireball                 Conj/Fire      0%         3d3       100%        5
 Simulacrum               Ice/Necr       0%         N/A       100%        6
 Dragon's Call            Summ           0%         N/A       100%        9


Dungeon Overview and Level Annotations

Branches:
Dungeon (9/15)             Temple (1/1) D:6            Lair (0/5) D:8
    Orc: D:9-12

Altars:
Ashenzari
Cheibriados
Dithmenos
Fedhas
Gozag
Hepliaklqana
Kikubaaqudgha
Makhleb
Nemelex Xobeh
Qazlal
Sif Muna
Trog
Uskayaw
Vehumet
Yredelemnul
Jiyva

Shops:
D:7 *   D:8 =

Portals:
Bailey: D:9


Innate Abilities, Weirdness & Mutations

You are a hulking beast.
Your limbs bulge with bestial killing power. (Slay +4)
You are mostly covered in slimy green scales. (AC +3)
A meltable icy envelope protects you from harm. (AC +4)
You regenerate a lot of health from kills.
A meltable shield of frost defends you. (SH +4)
Your touch may inflict minor irresistible damage on your foes.


Message History

The two-headed ogre is severely wounded.
You hear an angry buzzing noise.
A killer bee comes into view.
The two-headed ogre closely misses you.
The two-headed ogre hits you with a +0 giant club!
A killer bee comes into view.
The killer bee buzzes angrily.
You hit the two-headed ogre. You punch the two-headed ogre.
The two-headed ogre is severely wounded.
A killer bee comes into view. x3
The two-headed ogre barely misses you.
The two-headed ogre hits you with a +0 giant club!
The killer bee barely misses you.
You closely miss the two-headed ogre.
The two-headed ogre is severely wounded.
You miss the killer bee. The killer bee stings you!
You block the killer bee's attack. The two-headed ogre closely misses you.
The two-headed ogre hits you with a +0 giant club!
The killer bee closely misses you. x2
The two-headed ogre hits you with a +0 giant club!
The two-headed ogre misses you.
Unknown command.
You are too injured to fight recklessly!
Unknown command.
The killer bee buzzes angrily.
You hit the two-headed ogre.
You touch the two-headed ogre.
The two-headed ogre is almost dead.
You closely miss the killer bee. The killer bee stings you!
* * * LOW HITPOINT WARNING * * *
The killer bee stings you but does no damage.
The killer bee barely misses you.
You block the two-headed ogre's attack. x2
You barely miss the two-headed ogre.
The two-headed ogre is almost dead.
You miss the killer bee.
The killer bee stings you but does no damage.
You block the killer bee's attack. The killer bee misses you.
The two-headed ogre hits you with a +0 giant club!
* * * LOW HITPOINT WARNING * * *
The two-headed ogre hits you with a +0 giant club!
You die...

...#..#..#...#########
.........#...#..#.....
.........#...#..#....
####....##...#..#..##
...#................#
...#..###+###.......#
.....## ##......#
....## ##.....# +####
##h#### #Oyy....#
#yyy....# +y..#####
#...# #...# #...#
....#


You could see a two-headed ogre and 6 killer bees.

Vanquished Creatures
  A troll (D:8)
  Grinder (D:5)
  A wyvern (D:8)
  A steam dragon (D:8)
  A water moccasin (D:6)
  3 sky beasts
  3 black bears
  An orc warrior (D:8)
  An ogre (D:6)
  A centaur (D:8)
  5 wolves (D:8)
  A kobold brigand (D:7)
  7 bullfrogs
  A scorpion (D:5)
  12 wights (D:8)
  2 electric eels (D:8)
  2 hounds (D:8)
  2 gnoll boudas
  3 jellies
  6 orc priests
  Terence (D:3)
  3 iguanas
  An orc wizard (D:4)
  2 sleepcaps (D:7)
  Robin (D:3)
  13 gnolls
  10 adders
  A shadow imp (D:7)
  2 white imps (D:6)
  3 worms
  3 dart slugs
  23 orcs
  4 ball pythons
  7 bats
  6 endoplasms
  6 giant cockroaches
  15 goblins
  10 hobgoblins
  3 jackals (D:2)
  7 kobolds
  3 quokkas (D:1)
  A frilled lizard (D:2)
  7 rats
187 creatures vanquished.

Vanquished Creatures (others)
  A centaur warrior (D:9)
  2 slime creatures (D:9)
  A steam dragon (D:7)
  An ice beast (D:7)
  A wolf (D:8)
  A bullfrog (D:7)
  A gnoll sergeant (D:7)
  11 jellies
  2 orc priests (D:8)
  A centaur simulacrum (D:9)
  A gnoll (D:7)
  6 orcs
29 creatures vanquished.

Grand Total: 216 creatures vanquished

Notes
Turn   | Place    | Note
-------+----------+-------------------------------------------
     0 | D:1      | DocClef the Demonspawn Shapeshifter began the quest for the
                  | Orb.
     0 | D:1      | Reached XP level 1. HP: 15/15 MP: 1/1
    67 | D:1      | Reached skill level 3 in Shapeshifting
   264 | D:1      | Gained mutation: Your touch may inflict minor irresistible
                  | damage on your foes. [demonic ancestry]
   264 | D:1      | Reached XP level 2. HP: 17/21 MP: 2/2
   888 | D:1      | Gained mutation: You regenerate a little health from kills.
                  | [demonic ancestry]
   888 | D:1      | Reached XP level 3. HP: 26/26 MP: 3/3
  1363 | D:2      | Reached skill level 4 in Shapeshifting
  1540 | D:2      | Gained mutation: A meltable shield of frost defends you.
                  | (SH +4) [demonic ancestry]
  1540 | D:2      | Reached XP level 4. HP: 32/32 MP: 4/4
  1996 | D:3      | Gained mutation: You are partially covered in slimy green
                  | scales. (AC +2) [demonic ancestry]
  1996 | D:3      | Reached XP level 5. HP: 12/37 MP: 5/5
  2146 | D:3      | Reached skill level 5 in Shapeshifting
  2178 | D:3      | Noticed Terence
  2186 | D:3      | Killed Terence
  2199 | D:3      | Found a hide-covered altar of Uskayaw.
  2283 | D:3      | Found a faded altar of an unknown god.
  2449 | D:3      | Noticed Robin
  2463 | D:3      | Killed Robin
  2752 | D:3      | Found a hide-covered altar of Uskayaw.
  3018 | D:3      | Found a faded altar of an unknown god.
  3370 | D:4      | Gained mutation: You regenerate health from kills. [demonic
                  | ancestry]
  3370 | D:4      | Reached XP level 6. HP: 43/43 MP: 6/6
  3505 | D:4      | Reached skill level 6 in Shapeshifting
  3606 | D:4      | Found an ancient bone altar of Kikubaaqudgha.
  3851 | D:5      | Entered Level 5 of the Dungeon
  3937 | D:5      | Found a shimmering blue altar of Sif Muna.
  4065 | D:5      | Gained mutation: A meltable icy envelope protects you from
                  | harm. (AC +4) [demonic ancestry]
  4065 | D:5      | Reached XP level 7. HP: 37/48 MP: 7/7
  4126 | D:5      | Found a bloodstained altar of Trog.
  4394 | D:5      | Reached skill level 7 in Shapeshifting
  4448 | D:5      | Identified the +4 pair of gloves "Gymiodia" {+Blink +Inv
                  | Fly rC-}
  4478 | D:5      | Noticed Grinder
  4485 | D:5      | Paralysed by Grinder for 5 turns
  4492 | D:5      | Killed Grinder
  4725 | D:5      | Found a hazy altar of Hepliaklqana.
  4763 | D:5      | Found the +7 Throatcutter {drain, coup de grace}
  4911 | D:6      | Reached skill level 8 in Shapeshifting
  5146 | D:6      | Gained mutation: You are mostly covered in slimy green
                  | scales. (AC +3) [demonic ancestry]
  5146 | D:6      | Reached XP level 8. HP: 45/54 MP: 8/8
  5358 | D:6      | Reached skill level 9 in Shapeshifting
  5985 | D:6      | Found a staircase to the Ecumenical Temple.
  6237 | Temple   | Entered the Ecumenical Temple
  6251 | Temple   | Became a worshipper of Jiyva Jytioten the Shapeless
  6305 | D:7      | Found Imnyth's Lightly-Used Armoury.
  6339 | D:7      | Bought a -3 quick blade for 1 gold piece
  6342 | D:7      | Found a bloodstained altar of Trog.
  6648 | D:7      | Reached skill level 10 in Shapeshifting
  6682 | D:7      | Reached * piety under Jiyva
  6921 | D:8      | Gained mutation: You regenerate a lot of health from kills.
                  | [demonic ancestry]
  6921 | D:8      | Reached XP level 9. HP: 59/59 MP: 9/9
  6928 | D:8      | Found Exutiep's Jewellery Shop.
  7087 | D:8      | Reached skill level 11 in Shapeshifting
  7161 | D:8      | Found a staircase to the Lair.
  7167 | D:8      | Noticed a troll
  7201 | D:8      | Killed a troll
  7268 | D:8      | Reached skill level 12 in Shapeshifting
  7464 | D:8      | Reached ** piety under Jiyva
  7504 | D:8      | Found a stormy altar of Qazlal.
  7521 | D:8      | Reached XP level 10. HP: 65/65 MP: 10/10
  7972 | D:9      | Killed a centaur warrior
  7975 | D:9      | Found a flagged portal.
  7992 | D:9      | Noticed a two-headed ogre
  8001 | D:9      | Slain by a two-headed ogre

Illustrated notes

Levels and vault maps discovered:
D:1:      dpeg_arrival_rooms_a, layout_loops_ring, serial_co_window_serial,
          co_window_cross_1, co_window_paths_a, co_window_of_opportunity_a,
          co_window_paths_a, co_window_paths_a, co_window_corner_cb,
          co_window_paths_c, co_window_broadway_c, co_window_broadway_c,
          co_window_4corner_a, glass_columns_b, glass_columns_c,
          glass_columns_b, glass_columns_b, glass_columns_b
D:2:      layout_basic, dk_vineyard_1, minmay_pentomino_pile
D:3:      layout_loops_cross, mainiacjoe_overflow_surrounded_room,
          ebering_ecumenical_altar_petrified, minivault_19, serial_bayou_pond_e,
          uniq_robin, uniq_terence
D:4:      layout_loops_cross, nicolae_overflow_hidden_temple
D:5:      layout_basic, worldfamousw_hep_ancestral_shrine,
          hangedman_feature_mirror, nrook_mini_backslash,
          nicolae_houndstooth_variations, uniq_grinder
D:6:      minmay_angry_zag, layout_loops_corners, kennysheep_little_box,
          minmay_temple_entry_poolview, grunt_decor_resistance
D:7:      layout_rooms, mainiacjoe_overflow_chevrons, minmay_shop_damaged,
          minivault_11
D:8:      layout_loops_corners, mainiacjoe_overflow_paths, erik_lair_island,
          minivault_10, minmay_shop_enchanted_jewellery
D:9:      minmay_the_grid_octo_tiled_octocenter [minmay_the_grid_octo_focus,
          minmay_the_grid_octo_tetromino_candy, minmay_the_grid_octo_horde,
          minmay_the_grid_octo_fat_diamond, minmay_the_grid_octo_prize_big_c,
          minmay_the_grid_square_5x5_eight_small,
          minmay_the_grid_square_5x5_almost_minimal,
          minmay_the_grid_square_5x5_inner_v,
          minmay_the_grid_square_5x5_inverted_slash], layout_grid_maze,
          nzn_wu_jian_contemplation, gammafunk_temple_overflow_wave,
          enter_bailey_6
Temple:   pf_slime_end_temple

Skill      XL: |  1  2  3  4  5  6  7  8  9 10 |
---------------+-------------------------------+-----
Shapeshifting  | 3 4 5 6 8 10 12 | 12.4
Fighting       | 2 |  2.4
Dodging        | |  1.7
Unarmed Combat | |  2.6

Action                     |  1- 3 |  4- 6 |  7- 9 | 10-12 || total
---------------------------+-------+-------+-------+-------++-------
  Melee: Unarmed           |    21 |       |       |       ||    21
         Short sword       |    38 |       |       |       ||    38
         Touch             |    14 |    13 |    52 |     7 ||    86
         Dagger            |    30 |    74 |       |       ||   104
         Punch             |       |     2 |     6 |     1 ||     9
         Broad axe         |       |    67 |   240 |    25 ||   332
    Use: Potion            |       |       |     2 |       ||     2
         Scroll            |       |       |       |     5 ||     5
   Stab: Sleeping          |     2 |       |       |       ||     2
 Armour: Animal skin       |    26 |       |       |       ||    26
         Scale mail        |    12 |   116 |   159 |       ||   287
         Skin              |       |       |    48 |       ||    48
         Steam dragon scal |       |       |    44 |       ||    44
         Troll leather arm |       |       |    39 |    19 ||    58
  Dodge: Dodged            |    48 |    69 |   209 |    27 ||   353
  Block: Other             |       |    24 |    66 |     8 ||    98
   Form: Anaconda          |       |       |     1 |       ||     1
         Beast             |       |       |     1 |       ||     1

Table legend: (Time is in decaauts)
 A = Elapsed time spent in this place.
 B = Non-inter-level travel time spent in this place.
 C = Inter-level travel time spent in this place.
 D = Time resting spent in this place.
 E = Time spent auto-exploring this place.
 F = Levels seen in this place.
 G = Mean time per level.
                   A        B        C        D        E       F      G
               +--------+--------+--------+--------+--------+-----+--------+
         Total |   8197 |   7738 |    459 |    303 |   6101 |  10 |  819.7 |
       Dungeon |   8168 |   7722 |    446 |    303 |   6101 |   9 |  907.6 |
        Temple |     28 |     15 |     13 |      0 |      0 |   1 |   28.0 |
               +--------+--------+--------+--------+--------+-----+--------+

Top non-repeatable levels by time:
     D:6: 1444 daAuts
     D:3: 1332 daAuts
     D:1: 1185 daAuts
     D:8: 1140 daAuts
     D:5: 1026 daAuts
     D:2: 688 daAuts
     D:4: 674 daAuts
     D:7: 638 daAuts
     D:9: 38 daAuts
  Temple: 28 daAuts
